 Dungeon Crawl Stone Soup version 0.22-a0-348-gd16d139 (webtiles) character file.

151 Amnesiac the Conjurer (level 5, -6/32 HPs)
             Began as a Deep Elf Conjurer on Apr 10, 2018.
             Mangled by an orc warrior
             ... wielding a +0 mace
              (11 damage)
             ... on level 3 of the Dungeon.
             The game lasted 00:03:37 (2471 turns).

Amnesiac the Conjurer (Deep Elf Conjurer)           Turns: 2471, Time: 00:03:38

Health: -6/32      AC:  5    Str:  5    XL:     5   Next: 11%
Magic:  1/11       EV: 12    Int: 21    God:
Gold:   192        SH:  0    Dex: 15    Spells: 3/10 levels left

rFire    + . .     SeeInvis .   a - +0 hand axe (elec)
rCold    . . .     Gourm    .   (no shield)
rNeg     . . .     Faith    .   l - +1 leather armour {rF+}
rPois    .         Spirit   .   (no helmet)
rElec    .         Reflect  .   (no cloak)
rCorr    +         Harm     .   (no gloves)
MR       .....                  g - +0 pair of boots
Stlth    ++........             (no amulet)
HPRegen  0.10/turn              k - ring of resist corrosion
MPRegen  0.12/turn              (no ring)

@: no status effects
A: no striking features
a: no special abilities


You were on level 3 of the Dungeon.
You were not hungry.

You visited 1 branch of the dungeon, and saw 3 of its levels.

You collected 192 gold pieces.

Inventory:

Hand Weapons
 a - a +0 hand axe of electrocution (weapon)
 i - a +0 quarterstaff
Armour
 g - a +0 pair of boots (worn)
 l - a +1 leather armour of fire resistance (worn)
Jewellery
 k - a ring of resist corrosion (left hand)
Scrolls
 b - a scroll of enchant weapon {!r, unknown}
 d - a scroll of magic mapping {!r, unknown}
 h - a scroll of amnesia {!r, unknown}
 m - a scroll of fog {!r, unknown}
 n - 2 scrolls of fear {!r}
 q - a scroll of teleportation {!r, unknown}
Potions
 f - a potion of curing {!q}
 j - a potion of lignification {!q}
Comestibles
 c - 5 rations
 o - 3 chunks of flesh


   Skills:
 * Level 3.0 Fighting
 + Level 3.0 Dodging
 - Level 2.4 Stealth
 - Level 3.0 Spellcasting
 + Level 5.3 Conjurations


You had 3 spell levels left.
You knew the following spells:

 Your Spells              Type           Power        Failure   Level  Hunger
a - Magic Dart            Conj           ####         2%          1    None
d - Iskenderun's Mystic   Conj           ####....     26%         4    ####...
e - Searing Ray           Conj           ####..       3%          2    ##.....


Dungeon Overview and Level Annotations

Branches:
Dungeon (3/15)

Altars:
Elyvilon
Hepliaklqana
Uskayaw


Message History

An orc warrior is nearby!
An orc warrior is nearby!
Casting: Magic Dart (safe; 2% risk of failure)
Confirm with . or Enter, or press ? or * to list all spells.
You can't see any susceptible monsters within range! (Use Z to cast anyway.)
Casting: Magic Dart (safe; 2% risk of failure)
Confirm with . or Enter, or press ? or * to list all spells.
You don't know that spell.
Adjust (i)tems, (s)pells, or (a)bilities?
Adjust which spell? b - Iskenderun's Mystic Blast Adjust to which letter? d - Iskenderun's Mystic Blast
Casting: Magic Dart (safe; 2% risk of failure)
Confirm with . or Enter, or press ? or * to list all spells.
Aiming: Iskenderun's Mystic Blast (quite dangerous; 26% risk of failure)
Press: ? - help, Shift-Dir - straight line, f - orc warrior
Aim: an orc warrior, wielding a mace and wearing a plate armour (hasn't noticed you)
The orb of energy hits the orc warrior.
The orc warrior is moderately wounded.
Unknown command.
Casting: Iskenderun's Mystic Blast (quite dangerous; 26% risk of failure)
Confirm with . or Enter, or press ? or * to list all spells.
Aiming: Iskenderun's Mystic Blast (quite dangerous; 26% risk of failure)
Press: ? - help, Shift-Dir - straight line, f/p - orc warrior
Aim: an orc warrior, wielding a mace and wearing a plate armour (moderately wounded)
The orb of energy hits the orc warrior.
The orc warrior is severely wounded.
The orb of energy explodes!
Unknown command.
Casting: Iskenderun's Mystic Blast (quite dangerous; 26% risk of failure)
Confirm with . or Enter, or press ? or * to list all spells.
Aiming: Searing Ray (safe; 3% risk of failure)
Press: ? - help, Shift-Dir - straight line, f/p - orc warrior
Aim: an orc warrior, wielding a mace and wearing a plate armour (severely wounded)
The searing ray hits the orc warrior.
The orc warrior is almost dead. (Press . to maintain the ray.) Unknown command.
The searing ray hits the orc warrior.
The orc warrior is almost dead.
An orc priest comes into view. It is wielding a dagger.
Without enough magic to sustain it, your searing ray dissipates.
The orc warrior completely misses you.
The orc warrior hits you but does no damage.
You closely miss the orc warrior.
The orc warrior is almost dead.
The orc priest invokes the aid of Beogh against you.
Pain shoots through your body! The orc warrior barely misses you.
You hit the orc warrior but do no damage.
The orc warrior is almost dead.
The orc priest calls down the wrath of Beogh upon you.
Beogh smites you!
* * * LOW HITPOINT WARNING * * *
The orc warrior barely misses you.
The orc priest calls upon Beogh to heal the orc warrior.
The orc warrior is healed somewhat.
You hit the orc warrior but do no damage.
The orc warrior is severely wounded.
The orc warrior misses you.
You hit the orc warrior but do no damage.
The orc warrior is severely wounded.
The orc warrior hits you with a mace!
You die...

###.########.# #..# ###.#
#... ...........).# #..#
#.o###.... ##.###########
#..#####.#.#.#.##
##........#
#...(.o..##)#...#
#.######.#
##.########.%....
#.######.# #o# ##......
#......#.# #.# #.......
#.####.#.########o#
##....). #.#
#.#.......@o.#########.....
##.#
#.........................#
...#
#########)..############.##
################.## ##
.................#
##################


You could see an orc warrior and an orc priest.

Vanquished Creatures
  An orc priest (D:3)
  An orc wizard (D:3)
  4 adders
  An ooze (D:1)
  An adder zombie (D:2)
  A worm (D:2)
  2 dart slugs (D:2)
  6 orcs (D:3)
  2 ball pythons
  A goblin (D:1)
  5 hobgoblins
  2 quokkas
  5 bats
  2 frilled lizards (D:1)
  4 kobolds (D:3)
  8 rats
46 creatures vanquished.

Notes
Turn   | Place    | Note
-------+----------+-------------------------------------------
     0 | D:1      | Amnesiac the Deep Elf Conjurer began the quest for the Orb.
     0 | D:1      | Reached XP level 1. HP: 10/10 MP: 6/6
    97 | D:1      | Reached skill level 1 in Fighting
   123 | D:1      | Reached XP level 2. HP: 16/16 MP: 0/8
   276 | D:1      | Learned a level 2 spell: Searing Ray
   998 | D:2      | Reached XP level 3. HP: 21/21 MP: 2/9
  1457 | D:2      | Found a hazy altar of Hepliaklqana.
  1686 | D:2      | Reached skill level 5 in Conjurations
  1710 | D:2      | Found a white marble altar of Elyvilon.
  1808 | D:3      | Found a hide-covered altar of Uskayaw.
  1808 | D:3      | Noticed a hand axe
  1808 | D:3      | Noticed a hand axe
  1815 | D:3      | Reached XP level 4. HP: 26/27 MP: 2/10
  2249 | D:3      | Reached XP level 5. HP: 29/32 MP: 7/11
  2324 | D:3      | Noticed an orc warrior
  2411 | D:3      | Learned a level 4 spell: Iskenderun's Mystic Blast
  2471 | D:3      | Mangled by an orc warrior

Vault maps used:
D:1:      lemuel_arrival_tunnels, minmay_crystal_room, minmay_misc_feat_doors,
          st_stairs_5
D:2:      lemuel_coloured_pillars_altar, overflow_temple_1_default,
          minmay_tetromino_s2
D:3:      nicolae_overflow_hidden_temple, dancing_weapons_uskayaw, first_ration

Skill      XL: |  1  2  3  4 |
---------------+-------------+-----
Fighting       | 1 2 3 |  3.0
Conjurations   | 5 |  5.3
Dodging        | 3 |  3.0
Stealth        | |  2.4
Spellcasting   | |  3.0

Action                   |  1- 3 |  4- 6 || total
-------------------------+-------+-------++-------
Melee: Hand axe          |       |     4 ||     4
 Cast: Magic Dart        |    73 |    34 ||   107
       Searing Ray       |     1 |     4 ||     5
       Iskenderun's Myst |       |     2 ||     2
  Use: Scroll            |       |     3 ||     3
  Eat: Chunk             |     3 |     2 ||     5
Armor: Leather armour    |     2 |     3 ||     5
       Robe              |     2 |       ||     2
Dodge: Dodged            |     7 |    10 ||    17

Table legend:
 A = Spawn XP
 B = Non-spawn XP
 C = Spawn XP percentage of total XP
 D = Spawn monster count
 E = Non-spawn monster count
 F = Spawn count percentage of total count
 G = Total turns spent on level
                    A         B        C        D         E        F      G
               +---------+---------+-------+---------+---------+-------+---------
         Total |       0 |     217 |   0.0 |       0 |      46 |   0.0 |  2471
               +---------+---------+-------+---------+---------+-------+---------
           D:1 |       0 |      32 |   0.0 |       0 |      18 |   0.0 |   910
           D:2 |       0 |      62 |   0.0 |       0 |       9 |   0.0 |  1016
           D:3 |       0 |     123 |   0.0 |       0 |      19 |   0.0 |   545
               +---------+---------+-------+---------+---------+-------+---------
